[ PARTIDA AOE2 · #484954439 ]
UnrankedVietnamitas vs Vietnamese
Equipo del jugador · DERR
[ ANÁLISIS DE REPETICIÓN · EXTRAÍDO DE LA PARTIDA GRABADA ]
Feudal
8:51
Castillos
21:51
Imperial
—
| APM promedio | 49.5 |
| APM pico | 73 |
| eAPM promedio | 24.4 |
| Aldeanos / militares | 152 / 235 |
Foco
⚔️ 37.4% · 🌾 62.6%
Knight ×108 · Fire Lancer ×66 · Skirmisher ×60 · Scout Cavalry ×1
Feudal
—
Castillos
—
Imperial
—
| APM promedio | 56.7 |
| APM pico | 109 |
| eAPM promedio | 30.1 |
| Aldeanos / militares | 154 / 237 |
Foco
⚔️ 41.8% · 🌾 58.2%
Knight ×113 · Skirmisher ×55 · Archer ×53 · Scout Cavalry ×9 · Trebuchet (Packed) ×5 · Monk ×2
Mapa de la partida
Recursos iniciales + cada clic de construcción. Líneas = muros · curvas = relieve. ◆ oro · ⬟ piedra · ● bayas · ✦ reliquia · ◌ hueco del cierre
Tu base· Abierta — el rival se encerró
Base de TicketedZero13· ✓ Cerrada en 22:03 · 20t muro · sin puerta
Terreno inicial suavizado · ◌ = hueco del cierre detectado · pasá el cursor para detalles
Inputs por minuto
— 矮袋鼠長公主 - - TicketedZero13
Build order — 矮袋鼠長公主
Primeras 150 de 481 acciones detectadas
| 0:00 | Crear | Villager (Male) |
| 0:01 | Crear | Villager (Male) |
| 0:02 | Construir | House |
| 0:10 | Crear | Villager (Male) |
| 0:10 | Crear | Villager (Male) |
| 1:22 | Construir | House |
| 1:23 | Construir | House |
| 1:31 | Crear | Villager (Male) |
| 1:56 | Crear | Villager (Male) |
| 1:56 | Crear | Villager (Male) |
| 2:22 | Construir | Lumber Camp |
| 2:30 | Crear | Villager (Male) |
| 2:30 | Crear | Villager (Male) |
| 2:49 | Crear | Villager (Male) |
| 3:14 | Crear | Villager (Male) |
| 3:15 | Crear | Villager (Male) |
| 3:43 | Crear | Villager (Male) |
| 3:44 | Crear | Villager (Male) |
| 4:02 | Crear | Villager (Male) |
| 4:17 | Crear | Villager (Male) |
| 4:17 | Crear | Villager (Male) |
| 4:32 | Crear | Villager (Male) |
| 4:42 | Construir | Mill |
| 5:08 | Crear | Villager (Male) |
| 5:09 | Crear | Villager (Male) |
| 5:13 | Crear | Villager (Male) |
| 5:13 | Crear | Villager (Male) |
| 5:58 | Investigar | Loom |
| 6:39 | Investigar | Feudal Age |
| 7:25 | Construir | Barracks |
| 7:34 | Crear | Villager (Male) |
| 8:00 | Construir | House |
| 8:51 | Edad | Edad Feudal |
| 8:55 | Construir | Archery Range |
| 8:58 | Crear | Villager (Male) |
| 9:22 | Crear | Villager (Male) |
| 9:25 | Investigar | Double-Bit Axe |
| 9:26 | Investigar | Double-Bit Axe |
| 9:36 | Construir | House |
| 9:43 | Construir | House |
| 9:45 | Construir | Palisade Wall |
| 9:55 | Construir | House |
| 9:56 | Crear | Villager (Male) |
| 10:00 | Construir | Farm |
| 10:03 | Crear | Skirmisher |
| 10:03 | Crear | Skirmisher |
| 10:14 | Construir | Palisade Wall |
| 10:17 | Crear | Villager (Male) |
| 10:21 | Construir | Farm |
| 10:35 | Construir | Farm |
| 10:40 | Crear | Skirmisher |
| 10:59 | Construir | Blacksmith |
| 11:01 | Crear | Villager (Male) |
| 11:05 | Crear | Villager (Male) |
| 11:21 | Crear | Skirmisher |
| 11:21 | Crear | Villager (Male) |
| 11:23 | Crear | Villager (Male) |
| 11:33 | Crear | Skirmisher |
| 11:38 | Construir | House |
| 11:45 | Construir | Palisade Wall |
| 11:48 | Crear | Villager (Male) |
| 11:54 | Investigar | Fletching |
| 11:58 | Construir | Farm |
| 12:15 | Crear | Skirmisher |
| 12:20 | Crear | Villager (Male) |
| 12:30 | Construir | Farm |
| 12:38 | Construir | Palisade Wall |
| 12:42 | Crear | Villager (Male) |
| 12:57 | Construir | House |
| 12:58 | Construir | House |
| 13:00 | Crear | Skirmisher |
| 13:00 | Crear | Skirmisher |
| 13:03 | Construir | Palisade Wall |
| 13:20 | Investigar | Padded Archer Armor |
| 13:28 | Construir | House |
| 13:41 | Crear | Skirmisher |
| 13:43 | Construir | Farm |
| 13:51 | Crear | Villager (Male) |
| 13:53 | Construir | Farm |
| 14:28 | Construir | Farm |
| 14:30 | Crear | Villager (Male) |
| 14:33 | Crear | Villager (Male) |
| 14:36 | Construir | Farm |
| 14:38 | Construir | Farm |
| 14:54 | Crear | Skirmisher |
| 14:58 | Construir | Farm |
| 15:05 | Construir | Palisade Wall |
| 15:08 | Crear | Skirmisher |
| 15:11 | Construir | Farm |
| 15:15 | Crear | Skirmisher |
| 15:16 | Crear | Villager (Male) |
| 15:19 | Crear | Villager (Male) |
| 15:21 | Construir | Farm |
| 15:35 | Construir | Farm |
| 15:40 | Construir | House |
| 15:54 | Crear | Villager (Male) |
| 15:56 | Construir | Farm |
| 16:03 | Construir | Mining Camp |
| 16:27 | Crear | Villager (Male) |
| 16:40 | Construir | House |
| 16:47 | Crear | Villager (Male) |
| 17:19 | Crear | Villager (Male) |
| 17:21 | Construir | House |
| 17:30 | Crear | Skirmisher |
| 17:30 | Crear | Skirmisher |
| 17:56 | Crear | Villager (Male) |
| 18:01 | Construir | Farm |
| 18:04 | Construir | Palisade Gate |
| 18:05 | Construir | House |
| 18:12 | Construir | Palisade Wall |
| 18:35 | Crear | Villager (Male) |
| 19:06 | Construir | Lumber Camp |
| 19:11 | Investigar | Castle Age |
| 19:15 | Construir | Farm |
| 19:22 | Crear | Skirmisher |
| 19:22 | Crear | Skirmisher |
| 19:28 | Crear | Villager (Male) |
| 19:42 | Construir | Farm |
| 19:55 | Construir | Lumber Camp |
| 19:59 | Crear | Skirmisher |
| 20:00 | Crear | Villager (Male) |
| 20:08 | Construir | Lumber Camp |
| 20:19 | Crear | Villager (Male) |
| 20:22 | Investigar | Stone Mining |
| 20:26 | Investigar | Horse Collar |
| 20:26 | Crear | Villager (Male) |
| 20:38 | Crear | Skirmisher |
| 20:48 | Construir | Stable |
| 21:00 | Crear | Skirmisher |
| 21:03 | Construir | Palisade Wall |
| 21:51 | Edad | Edad de los Castillos |
| 21:57 | Investigar | Elite Skirmisher (upgrade) |
| 22:02 | Investigar | Bodkin Arrow |
| 22:05 | Crear | Skirmisher ×5 |
| 22:12 | Construir | House |
| 22:15 | Construir | House |
| 22:28 | Crear | Skirmisher |
| 22:49 | Crear | Skirmisher ×5 |
| 23:02 | Investigar | Leather Archer Armor |
| 23:05 | Crear | Villager (Male) |
| 23:05 | Crear | Villager (Male) |
| 23:14 | Crear | Skirmisher ×2 |
| 23:17 | Crear | Villager (Male) |
| 23:19 | Construir | House |
| 23:27 | Construir | Town Center |
| 23:36 | Crear | Knight |
| 23:36 | Crear | Knight |
| 23:39 | Crear | Skirmisher |
| 23:45 | Construir | Archery Range |
| 23:58 | Crear | Villager (Male) |
Build order — TicketedZero13
Primeras 150 de 559 acciones detectadas
| 0:01 | Crear | Villager (Male) |
| 0:01 | Crear | Villager (Male) |
| 0:01 | Crear | Villager (Male) |
| 0:02 | Crear | Villager (Male) |
| 0:02 | Crear | Villager (Male) |
| 0:03 | Construir | House |
| 0:05 | Construir | House |
| 1:29 | Crear | Villager (Male) |
| 1:29 | Crear | Villager (Male) |
| 1:41 | Crear | Villager (Male) |
| 1:41 | Crear | Villager (Male) |
| 1:51 | Construir | Lumber Camp |
| 2:27 | Crear | Villager (Male) |
| 2:28 | Crear | Villager (Male) |
| 2:41 | Crear | Villager (Male) |
| 2:41 | Crear | Villager (Male) |
| 3:07 | Crear | Villager (Male) |
| 3:26 | Construir | House |
| 3:30 | Crear | Villager (Male) |
| 3:30 | Crear | Villager (Male) |
| 4:03 | Construir | House |
| 4:10 | Construir | Mill |
| 4:26 | Crear | Villager (Male) |
| 4:26 | Crear | Villager (Male) |
| 4:29 | Crear | Villager (Male) |
| 4:29 | Crear | Villager (Male) |
| 5:00 | Crear | Villager (Male) |
| 5:00 | Crear | Villager (Male) |
| 5:21 | Crear | Villager (Male) |
| 5:22 | Crear | Villager (Male) |
| 5:44 | Crear | Villager (Male) |
| 5:44 | Crear | Villager (Male) |
| 6:05 | Crear | Villager (Male) |
| 6:05 | Crear | Villager (Male) |
| 6:05 | Crear | Villager (Male) |
| 6:30 | Investigar | Loom |
| 7:39 | Investigar | Feudal Age |
| 8:10 | Construir | Barracks |
| 8:12 | Construir | House |
| 8:44 | Construir | Mining Camp |
| 9:47 | Crear | Villager (Male) |
| 9:52 | Construir | Archery Range |
| 9:57 | Construir | Archery Range |
| 10:06 | Crear | Villager (Male) |
| 10:10 | Investigar | Double-Bit Axe |
| 10:31 | Crear | Villager (Male) |
| 10:51 | Construir | House |
| 10:58 | Crear | Archer |
| 10:58 | Crear | Archer |
| 10:59 | Crear | Archer |
| 10:59 | Crear | Archer |
| 11:03 | Crear | Villager (Male) |
| 11:08 | Construir | House |
| 11:13 | Construir | House |
| 11:15 | Construir | House |
| 11:28 | Investigar | Town Watch |
| 11:30 | Crear | Villager (Male) |
| 11:36 | Investigar | Wheelbarrow |
| 11:37 | Crear | Archer |
| 11:37 | Crear | Archer |
| 11:38 | Crear | Archer |
| 11:51 | Construir | Palisade Wall |
| 12:00 | Construir | Palisade Wall |
| 12:01 | Crear | Villager (Male) |
| 12:10 | Crear | Archer |
| 12:11 | Crear | Archer |
| 12:20 | Crear | Villager (Male) |
| 12:24 | Construir | House |
| 12:48 | Crear | Archer |
| 12:48 | Crear | Archer |
| 12:48 | Crear | Archer |
| 12:55 | Construir | Blacksmith |
| 13:02 | Construir | House |
| 13:04 | Construir | Palisade Wall |
| 13:07 | Crear | Villager (Male) |
| 13:19 | Crear | Archer |
| 13:19 | Crear | Archer |
| 13:42 | Crear | Archer |
| 13:42 | Crear | Archer |
| 13:42 | Crear | Archer |
| 13:46 | Crear | Villager (Male) |
| 14:27 | Crear | Archer |
| 14:28 | Crear | Villager (Male) |
| 14:29 | Crear | Villager (Male) |
| 14:35 | Construir | House |
| 14:38 | Construir | Palisade Wall |
| 14:40 | Crear | Archer |
| 14:41 | Crear | Archer |
| 14:41 | Crear | Archer |
| 14:48 | Investigar | Fletching |
| 14:48 | Investigar | Fletching |
| 14:49 | Investigar | Fletching |
| 14:58 | Construir | Market |
| 15:00 | Construir | House |
| 15:02 | Construir | House |
| 15:38 | Crear | Archer |
| 15:39 | Crear | Archer |
| 15:39 | Crear | Archer |
| 15:39 | Crear | Archer |
| 15:40 | Crear | Villager (Male) |
| 15:41 | Crear | Villager (Male) |
| 15:59 | Crear | Villager (Male) |
| 16:13 | Construir | Stable |
| 16:17 | Crear | Archer |
| 16:17 | Crear | Archer |
| 16:17 | Crear | Villager (Male) |
| 16:23 | Construir | Farm |
| 16:23 | Construir | Farm |
| 16:23 | Construir | Farm |
| 16:23 | Construir | Farm |
| 16:24 | Construir | Farm |
| 16:24 | Construir | Farm |
| 16:24 | Construir | Farm |
| 16:24 | Construir | Farm |
| 16:24 | Construir | Farm |
| 16:25 | Construir | Farm |
| 16:25 | Construir | Farm |
| 16:30 | Crear | Villager (Male) |
| 16:39 | Construir | House |
| 17:19 | Crear | Archer |
| 17:21 | Crear | Archer |
| 17:27 | Construir | Farm |
| 17:27 | Construir | Farm |
| 17:28 | Construir | Farm |
| 17:28 | Construir | Farm |
| 17:28 | Construir | Farm |
| 17:31 | Crear | Villager (Male) |
| 17:38 | Crear | Archer |
| 17:39 | Crear | Archer |
| 17:39 | Crear | Archer |
| 17:39 | Crear | Archer |
| 17:39 | Crear | Archer |
| 17:43 | Crear | Villager (Male) |
| 18:51 | Crear | Villager (Male) |
| 18:54 | Crear | Scout Cavalry |
| 18:54 | Crear | Scout Cavalry |
| 18:54 | Crear | Scout Cavalry |
| 18:59 | Construir | Farm |
| 19:34 | Construir | Farm |
| 19:34 | Construir | Farm |
| 19:34 | Construir | Farm |
| 19:34 | Construir | Farm |
| 19:34 | Construir | Farm |
| 19:40 | Crear | Villager (Male) |
| 19:55 | Construir | Market |
| 19:57 | Construir | House |
| 20:00 | Crear | Archer |
| 20:01 | Crear | Archer |
| 20:01 | Crear | Archer |
| 20:02 | Crear | Scout Cavalry |
Cronología de la partida
| 7:25 | 矮袋鼠長公主 · first_building Barracks |
| 8:10 | TicketedZero13 · first_building Barracks |
| 8:51 | 矮袋鼠長公主 · age_up feudal |
| 8:55 | 矮袋鼠長公主 · first_building Archery Range |
| 9:45 | 矮袋鼠長公主 · wall_segment Palisade Wall x3 |
| 9:52 | TicketedZero13 · first_building Archery Range |
| 10:14 | 矮袋鼠長公主 · wall_segment Palisade Wall x3 |
| 11:45 | 矮袋鼠長公主 · wall_segment Palisade Wall x12 |
| 11:51 | TicketedZero13 · wall_segment Palisade Wall x3 |
| 12:00 | TicketedZero13 · wall_segment Palisade Wall x5 |
| 12:38 | 矮袋鼠長公主 · wall_segment Palisade Wall x3 |
| 13:03 | 矮袋鼠長公主 · wall_segment Palisade Wall x1 |
| 13:04 | TicketedZero13 · wall_segment Palisade Wall x3 |
| 14:38 | TicketedZero13 · wall_segment Palisade Wall x9 |
| 15:05 | 矮袋鼠長公主 · wall_segment Palisade Wall x5 |
| 16:13 | TicketedZero13 · first_building Stable |
| 18:12 | 矮袋鼠長公主 · wall_segment Palisade Wall x1 |
| 20:48 | 矮袋鼠長公主 · first_building Stable |
| 21:03 | 矮袋鼠長公主 · wall_segment Palisade Wall x7 |
| 21:51 | 矮袋鼠長公主 · age_up castle |
| 23:28 | TicketedZero13 · first_market_sell 100 wood |
| 29:02 | 矮袋鼠長公主 · wall_segment Palisade Wall x1 |
| 31:57 | TicketedZero13 · first_building Siege Workshop |
| 32:55 | TicketedZero13 · first_building Monastery |
| 35:01 | TicketedZero13 · first_market_buy 100 stone |
| 35:25 | 矮袋鼠長公主 · first_market_buy 100 wood |
| 42:44 | TicketedZero13 · first_building Castle |
| 48:00 | 矮袋鼠長公主 · first_building Castle |
| 49:14 | 矮袋鼠長公主 · first_market_sell 100 food |
| 49:42 | TicketedZero13 · wall_segment Palisade Wall x1 |
| 52:01 | 矮袋鼠長公主 · resign |
[ ANÁLISIS IA · 1 CRÉDITO ]
¿Qué pasó realmente en esta partida?
Wolo.gg analiza cada decisión: build order, eco, micro, errores típicos por bracket. Análisis personalizado por WhatsApp o Discord en 30 segundos.
Guía civ
Vietnamitas
Perfil
tutuhuahua